 Dungeon Crawl Stone Soup version 0.25.1-1-g288607f (webtiles) character file.

Game seed: 15811257085525597431

276 RonnieColeman the Conjurer (level 6, -1/41 HPs)
             Began as an Octopode Conjurer on Sept 14, 2020.
             Was a Follower of Kikubaaqudgha.
             Slain by a bullfrog (4 damage)
             ... in a sewer.
             The game lasted 00:08:03 (4546 turns).

RonnieColeman the Conjurer (Octopode Conjurer)      Turns: 4546, Time: 00:08:03

Health: -1/41      AC:  1    Str:  7    XL:     6   Next: 25%
Magic:  6/12       EV: 13    Int: 19    God:    Kikubaaqudgha [*.....]
Gold:   163        SH:  4    Dex: 13    Spells: 10/13 levels left

rFire    . . .     SeeInvis .   m - +1 dagger (venom)
rCold    . . .     Gourm    .   r - +0 buckler
rNeg     . . .     Faith    .   (helmet restricted)
rPois    .         Spirit   .   t - amulet of the acrobat
rElec    .         Reflect  .   v - ring of resist corrosion
rCorr    +         Harm     .   (no ring)
MR       .....                  (no ring)
Stlth    +++.......             (no ring)
HPRegen  0.13/turn              (no ring)
MPRegen  0.13/turn              (no ring)
                                (no ring)
                                (no ring)

@: lethally poisoned (-1 -> -3), about to teleport, hasted, very quick
A: almost no armour, stealthy swim, amphibious, 8 rings, constrict 8, camouflage
1, gelatinous body 1
a: Receive Corpses, Renounce Religion


You were in a sewer.
You worshipped Kikubaaqudgha.
Kikubaaqudgha was aware of your devotion.
You were not hungry.

You visited 1 branch of the dungeon, and saw 4 of its levels.
You also visited: Sewer.

You collected 163 gold pieces.

Inventory:

Hand Weapons
 m - a +1 dagger of venom (weapon)
Armour
 r - a +0 buckler (worn)
Jewellery
 t - an amulet of the acrobat (around mantle)
 v - a ring of resist corrosion (left tentacle)
Scrolls
 c - 3 scrolls of identify
 e - 2 scrolls of enchant weapon
 g - 2 scrolls of magic mapping
 i - 3 scrolls of blinking {unknown}
 k - a scroll of noise {unknown}
 l - a scroll of immolation {unknown}
 n - 2 scrolls of amnesia {unknown}
 q - 2 scrolls of remove curse {unknown}
 s - 2 scrolls of fog {unknown}
 u - a scroll of random uselessness {unknown}
Potions
 a - 3 potions of flight
 d - a potion of might {unknown}
 f - a potion of curing {unknown}
 h - a potion of cancellation {unknown}
 j - a potion of resistance {unknown}
 o - a potion of lignification {unknown}
 p - a potion of degeneration {unknown}
 w - a potion of stabbing {unknown}
 x - a potion of berserk rage {unknown}
 z - 2 potions of heal wounds {unknown}
 B - a potion of magic {unknown}
 C - 2 potions of haste
Comestibles
 b - 5 rations
 A - 7 chunks of flesh


   Skills:
 + Level 2.4 Fighting
 - Level 2.0 Dodging
 - Level 2.6 Stealth
 * Level 2.0 Shields
 * Level 4.1 Spellcasting
 + Level 4.8 Conjurations


You had 10 spell levels left.
You knew the following spells:

 Your Spells              Type           Power        Failure   Level  Hunger
a - Magic Dart            Conj           ###.         2%          1    None
b - Searing Ray           Conj           ###...       3%          2    ##.....

Your spell library contained the following spells:

 Spells                   Type           Power        Failure   Level  Hunger
 Pain                     Necr           #...         17%         1    None
 Dazzling Flash           Conj/Hex       ##....       19%         3    ###....
 Corpse Rot               Necr/Air       N/A          26%         2    ##.....
 Sublimation of Blood     Necr           #.........   26%         2    ##.....
 Vampiric Draining        Necr           #.........   45%         3    ###....
 Fulminant Prism          Conj/Hex       ##........   54%         4    ####...
 Iskenderun's Mystic Bla  Conj/Tloc      ##......     54%         4    ####...


Dungeon Overview and Level Annotations

Branches:
Dungeon (4/15)             Temple (0/1) D:4           Sewer (1/1)

Altars:
Fedhas
Gozag
Kikubaaqudgha
Qazlal


Innate Abilities, Weirdness & Mutations

You cannot wear most types of armour.
You are very stealthy in the water. (Stealth+)
You are amphibious.
You can wear up to eight rings at the same time.
You can use your tentacles to constrict eight enemies at once.
Your skin changes colour to match your surroundings (Stealth+).
Your rubbery body absorbs attacks. (AC +1, EV +1)


Message History

The adder misses you. The bullfrog hits you. The bullfrog closely misses you.
The bullfrog hits you! The ball python barely misses you.
The ball python completely misses you.
You feel sick. The adder completely misses you.
The bullfrog completely misses you. The adder completely misses you.
You block the ball python's attack. The ball python completely misses you.
The bullfrog misses you. The bullfrog completely misses you. x2
You feel sick.
As you read the scroll of teleportation, it crumbles to dust.
You feel strangely unstable. The bullfrog barely misses you.
The bullfrog hits you.
* * * LOW HITPOINT WARNING * * *
The bullfrog hits you but does no damage.
The bullfrog hits you!
* * * LOW HITPOINT WARNING * * *
It was a potion of haste.
You feel yourself speed up. The bullfrog hits you.
You die...
Kikubaaqudgha rasps: "You have failed me!
Welcome... death!"

##### ####...####
####.........####
##....SF.........##
#.....SF@.#÷÷.÷...#
##.....S##'##......##
#.....S##..###..÷...#
#......##..# ##....##
#≈≈≈≈≈≈##### #≈÷≈≈≈≈#
#≈≈≈≈≈≈# #≈≈≈≈≈≈#
#≈≈≈≈≈≈# #≈≈≈≈≈≈#
#≈≈≈≈≈≈# #≈≈≈≈≈≈#
#≈≈≈≈≈≈# #≈≈≈≈≈≈#


You could see 2 bullfrogs, 2 adders and 2 ball pythons.

Vanquished Creatures
  3 gnolls
  13 adders
  4 river rats (Sewer)
  An ooze (Sewer)
  A worm (D:2)
  3 dart slugs
  3 leopard geckos
  An orc (D:3)
  6 ball pythons (Sewer)
  A giant cockroach (D:1)
  4 hobgoblins
  4 jackals (D:1)
  4 kobolds
  10 bats
  5 frilled lizards
  5 goblins
  28 rats
96 creatures vanquished.

Notes
Turn   | Place    | Note
-------+----------+-------------------------------------------
     0 | D:1      | RonnieColeman the Octopode Conjurer began the quest for the
                  | Orb.
     0 | D:1      | Reached XP level 1. HP: 11/11 MP: 3/3
   400 | D:1      | Reached XP level 2. HP: 8/18 MP: 1/5
  1048 | D:1      | Reached skill level 1 in Fighting
  1194 | D:1      | Reached XP level 3. HP: 22/23 MP: 7/7
  1944 | D:2      | Found a stormy altar of Qazlal.
  2001 | D:2      | Noticed a fire elemental
  2002 | D:2      | Noticed an air elemental
  2002 | D:2      | Noticed an earth elemental
  2002 | D:2      | Noticed a water elemental
  2314 | D:1      | Learned a level 2 spell: Searing Ray
  2319 | D:1      | Reached XP level 4. HP: 19/28 MP: 5/8
  3041 | D:3      | Reached XP level 5. HP: 34/34 MP: 6/10
  3159 | D:3      | Found a blossoming altar of Fedhas.
  3159 | D:3      | Found an ancient bone altar of Kikubaaqudgha.
  3171 | D:3      | Became a worshipper of Kikubaaqudgha
  3412 | D:3      | Reached skill level 1 in Shields
  3488 | D:3      | Found an opulent altar of Gozag.
  3832 | D:4      | Found a glowing drain.
  3843 | Sewer    | Entered a sewer
  3997 | Sewer    | Reached * piety under Kikubaaqudgha
  3997 | Sewer    | Identified Kikubaaqudgha's Handbook of Black Secrets
                  | (Kikubaaqudgha gifted it to you in a sewer)
  3997 | Sewer    | Received a gift from Kikubaaqudgha
  4021 | Sewer    | Reached XP level 6. HP: 16/39 MP: 0/12
  4546 | Sewer    | Slain by a bullfrog

Illustrated notes

Levels and vault maps discovered:
D:1:      dpeg_arrival_court, layout_rooms
D:2:      layout_loops_corners, nicolae_qazlal_style_of_elements,
          kennysheep_cross_bottleneck
D:3:      layout_loops_ring, grunt_temple_overflow_growth_and_decay,
          grunt_gozag_breadcrumbs
D:4:      layout_gridville, minmay_temple_entry_slanted, first_ration,
          portal_sewer_entry_d, uniq_edmund
Sewer:    sewer_minmay_w

Skill      XL: |  1  2  3  4  5  6 |
---------------+-------------------+-----
Fighting       | 1 2 |  2.4
Spellcasting   | 3 4 |  4.1
Shields        | 1 2 |  2.0
Dodging        | |  2.0
Stealth        | |  2.6
Conjurations   | |  4.8

Action                   |  1- 3 |  4- 6 || total
-------------------------+-------+-------++-------
Melee: Unarmed           |    21 |       ||    21
       Constrict         |    17 |    16 ||    33
       Tentacles         |     6 |     8 ||    14
       Dagger            |    30 |    72 ||   102
       Club              |     6 |       ||     6
 Cast: Magic Dart        |    35 |    58 ||    93
       Searing Ray       |     1 |     5 ||     6
  Use: Scroll            |       |     5 ||     5
       Potion            |       |     1 ||     1
 Stab: Sleeping          |     1 |     2 ||     3
  Eat: Chunk             |     3 |     9 ||    12
Armor: Skin              |    12 |    10 ||    22
Dodge: Dodged            |    51 |   103 ||   154
Block: Buckler           |       |    15 ||    15
